AoeStats
← Monkey killer

Arena

507433742Analyzed
4v4 RM · 14d ago on Sep 18, 2026· 42m 13s· 8 players
Game mode
Random Map
Map size
Large (8 player)
Population
200
Speed
Normal
Resources
Standard
Victory
Conquest
Starting age
Dark Age
Ending age
Imperial Age
RankedLock teamsTeams togetherTeam positionsShared explorationLock speedFull tech treeHidden civsTurbo modeCheats
Victory
Defeat
1236
+13
🇹🇼 Spanish · Taiwan
1214
+13
🇲🇽 Franks · Mexico
1177
+16
🇨🇦 Persians · Canada
1176
+15
🇹🇼 Inca · Taiwan
1174
-15
🇨🇳 Poles · China
1160
-14
🇦🇺 Italians · Australia
1147
-14
🇨🇳 Lithuanians · China
1146
-14
Monkey killer
10:58 Feudal Age
16:00 Castle Age
14:33 Double-Bit Axe
14:30 Horse Collar
18:49 Wheelbarrow
19:01 Wheelbarrow
18:53 Bow Saw
22:31 Heavy Plow
25:46 Gold Mining
25:46 Stone Mining
28:16 Stone Shaft Mining
28:06 Bloodlines
27:57 Husbandry
29:34 Hand Cart
29:22 Loom
29:22 Town Watch
30:34 Forging
30:24 Scale Mail Armor
30:29 Scale Barding Armor
31:12 Town Patrol
39:39 Imperial Age
38:08 Iron Casting
37:48 Chain Mail Armor
37:33 Padded Archer Armor
37:54 Chain Barding Armor
37:25 Fletching
38:08 Squires
37:35 Pikeman
236223212
7:38 Loom
11:03 Feudal Age
12:53 Stone Mining
18:12 Castle Age
18:06 Double-Bit Axe
24:43 Horse Collar
31:24 Wheelbarrow
31:23 Heavy Plow
33:37 Bow Saw
35:38 Hand Cart
ryan20160922
10:50 Feudal Age
14:21 Double-Bit Axe
17:19 Castle Age
18:09 Fletching
32:43 Imperial Age
31:21 Forging
31:11 Scale Mail Armor
31:30 Champi Runner
32:47 Iron Casting
34:10 Pikeman
34:51 Squires
36:04 Blast Furnace
36:17 Chain Mail Armor
37:26 Halberdier
39:02 Plate Mail Armor
Jimi
9:46 Feudal Age
13:38 Castle Age
12:45 Double-Bit Axe
12:45 Horse Collar
14:42 Bow Saw
15:26 Loom
18:24 Wheelbarrow
22:31 Fletching
25:56 Hand Cart
26:42 Stone Mining
28:29 Bodkin Arrow
28:28 Gold Mining
35:19 Imperial Age
34:11 Fortified Wall
34:22 Ballistics
34:17 Padded Archer Armor
35:57 Leather Archer Armor
36:24 Conscription
37:09 Chemistry
36:15 Bracer
36:01 Elite Genoese Crossbowman
37:15 Ring Archer Armor
36:59 Thumb Ring
39:17 Murder Holes
41:46 Hoardings
dedw1ng
9:57 Feudal Age
14:32 Castle Age
12:39 Double-Bit Axe
16:40 Horse Collar
17:12 Bow Saw
21:00 Heavy Plow
24:22 Wheelbarrow
23:47 Loom
26:11 Hand Cart
26:58 Gold Mining
27:34 Bloodlines
27:31 Scale Barding Armor
28:29 Gold Shaft Mining
31:00 Imperial Age
29:03 Husbandry
29:25 Chain Barding Armor
29:53 Forging
30:47 Stone Mining
31:41 Iron Casting
30:47 Cavalier
32:05 Plate Barding Armor
32:20 Conscription
33:14 Two-Man Saw
33:25 Blast Furnace
32:37 Savar
Miffybaba
10:20 Feudal Age
14:44 Castle Age
15:19 Loom
19:44 Fletching
22:56 Horse Collar
27:08 Wheelbarrow
29:33 Hand Cart
29:04 Double-Bit Axe
29:10 Gold Mining
30:31 Bow Saw
33:35 Stone Mining
35:06 Stone Shaft Mining
34:33 Heavy Plow
39:05 Imperial Age
37:05 Bodkin Arrow
37:33 Ballistics
38:11 Padded Archer Armor
38:09 Murder Holes
43:18 Two-Man Saw
42:21 Bracer
Teniente Rada
10:10 Feudal Age
11:31 Loom
14:30 Castle Age
15:02 Double-Bit Axe
17:21 Bow Saw
18:53 Fervor
21:04 Wheelbarrow
24:19 Gold Mining
25:21 Hand Cart
26:24 Scale Barding Armor
26:30 Forging
27:39 Chain Barding Armor
30:39 Imperial Age
28:46 Iron Casting
27:59 Town Watch
30:04 Gold Shaft Mining
30:07 Husbandry
31:15 Stone Mining
32:04 Plate Barding Armor
30:52 Cavalier
34:45 Blast Furnace
33:31 Paladin
34:34 Light Cavalry
36:41 Chivalry
37:02 Conscription
39:16 Chemistry
38:28 Siege Engineers
精銳拜占庭聖騎兵
6:24 Loom
9:19 Feudal Age
9:53 Double-Bit Axe
14:53 Fletching
21:21 Castle Age
19:19 Gold Mining
20:46 Scale Mail Armor
20:45 Horse Collar
23:57 Town Watch
26:09 Chain Mail Armor
29:28 Forging
33:37 Squires
34:54 Bow Saw
35:54 Wheelbarrow
39:48 Imperial Age
38:29 Iron Casting
38:58 First Crusade
40:48 Ballistics
40:39 Masonry
41:08 Plate Mail Armor
41:20 Conscription
40:24 Elite Serjeant
Connection lost

Rejoining the realm…

Still unreachable

The connection could not be restored.

Session expired

The server has moved on; the page needs a fresh start.